 Dungeon Crawl Stone Soup version 0.26.1-11-gd32895ea62 (webtiles) character file.

Game seed: 15337579954649348173

37 promet the Vexing (level 3, 0/35 HPs)
             Began as an Ogre Arcane Marksman on June 27, 2021.
             Slain by a quokka (2 damage)
             ... on level 2 of the Dungeon on June 28, 2021.
             The game lasted 00:06:43 (1630 turns).

promet the Vexing (Ogre Arcane Marksman)            Turns: 1630, Time: 00:06:44

Health: 0/35       AC:  4    Str: 14    XL:     3   Next: 41%
Magic:  4/5        EV: 10    Int: 15    God:
Gold:   44         SH:  0    Dex:  9    Spells: 1/4 levels left

rFire    . . .     SeeInvis .   a - +0 battleaxe
rCold    . . .     Faith    .   (shield currently unavailable)
rNeg     . . .     Spirit   .   g - +1 robe
rPois    .         Reflect  .   (helmet restricted)
rElec    .         Harm     .   (no cloak)
rCorr    .         Rampage  .   (gloves unavailable)
Will     .....                  (boots unavailable)
Stlth    +.........             i - amulet of the acrobat
HPRegen  0.11/turn              (no ring)
MPRegen  0.09/turn              (no ring)

@: no status effects
A: large, unfitting armour, tough skin 1
a: no special abilities


You were on level 2 of the Dungeon.
You visited 1 branch of the dungeon, and saw 2 of its levels.

You collected 44 gold pieces.

Inventory:

Hand Weapons
 a - a +0 battleaxe (weapon)
 j - a +0 short sword
 m - a +1 dagger
Missiles
 c - 4 large rocks (quivered)
 d - 2 throwing nets
 e - 4 javelins
 f - 34 arrows
 h - 14 sling bullets
 o - 11 stones
Armour
 g - a +1 robe (worn)
Jewellery
 i - an amulet of the acrobat (around neck)
Scrolls
 l - a scroll of remove curse
Potions
 b - a potion of haste
 k - a potion of lignification
 n - a potion of degeneration {unknown}


   Skills:
 * Level 2.2 Fighting
 + Level 2.5 Throwing
 + Level 2.2 Dodging
 + Level 1.3 Spellcasting
 + Level 3.0 Hexes


You had one spell level left.
You knew the following spells:

 Your Spells              Type           Power        Failure   Level
a - Corona                Hex            11%          7%          1
b - Slow                  Hex            10%          11%         2

Your spell library contained the following spells:

 Spells                   Type           Power        Failure   Level
 Inner Flame              Hex/Fire       5%           36%         3
 Portal Projectile        Hex/Tloc       10%          36%         3
 Cause Fear               Hex            5%           56%         4
 Leda's Liquefaction      Hex/Erth       2%           77%         4


Dungeon Overview and Level Annotations

Branches:
Dungeon (2/15)

Altars:


Innate Abilities, Weirdness & Mutations

You are too large for most types of armour.
You have tough skin. (AC +1)


Message History

The quokka is outlined in light.
The quokka bites you.
You barely miss the quokka. The quokka bites you.
* * * LOW HITPOINT WARNING * * *
The quokka bites you.
* * * LOW HITPOINT WARNING * * *
You hit the quokka.
The quokka is moderately wounded.
The quokka closely misses you. x2; The quokka barely misses you.
You closely miss the quokka.
The quokka is moderately wounded.
The quokka bites you.
* * * LOW HITPOINT WARNING * * *
The quokka bites you.
* * * LOW HITPOINT WARNING * * *
You closely miss the quokka.
The quokka is moderately wounded.
The quokka bites you.
* * * LOW HITPOINT WARNING * * *
The quokka bites you.
You die...

###################
............<...@.#
####.###########r.#
####.# #...# .....#
###+# ######


You could see a quokka (corona).

Vanquished Creatures
  An ooze (D:1)
  A dart slug (D:1)
  4 leopard geckos (D:1)
  4 bats (D:1)
  A giant cockroach (D:1)
  8 goblins (D:1)
  2 hobgoblins (D:1)
  A frilled lizard (D:2)
  2 kobolds (D:1)
  2 rats (D:1)
26 creatures vanquished.

Notes
Turn   | Place    | Note
-------+----------+-------------------------------------------
     0 | D:1      | promet the Ogre Arcane Marksman began the quest for the
                  | Orb.
     0 | D:1      | Reached XP level 1. HP: 19/19 MP: 2/2
   171 | D:1      | Reached XP level 2. HP: 18/27 MP: 3/3
   537 | D:1      | HP: 1/28 [leopard gecko (3)]
   940 | D:1      | Reached XP level 3. HP: 31/35 MP: 4/4
  1035 | D:1      | Reached skill level 3 in Hexes
  1561 | D:2      | Learned a level 2 spell: Slow
  1630 | D:2      | Slain by a quokka

Illustrated notes

Levels and vault maps discovered:
D:1:      shiori_shiawase, layout_rooms, minmay_statues_item
D:2:      layout_loops_ring, lemuel_round_altar,
          chequers_temple_overflow_minitemple, kennysheep_generic_room_8

Skill      XL: |  1  2  3 |
---------------+----------+-----
Fighting       | 2 |  2.2
Dodging        | 2 |  2.2
Hexes          | 3 |  3.0
Throwing       | |  2.5
Spellcasting   | |  1.3

Action                   || total
-------------------------++-------
Melee: Unarmed           ||    63
       Dagger            ||    56
       Battleaxe         ||    18
       Short sword       ||     5
Throw: Large rock        ||     5
 Cast: Corona            ||    10
  Use: Potion            ||     4
       Scroll            ||     4
Armor: Robe              ||    36
Dodge: Dodged            ||   107
